Map: Ruins of Seras

Players

maynard - Winner!

  • Race: Protoss Protoss
  • League: Grandmaster

MCanning

  • Race: Protoss Protoss
  • League: Grandmaster

VOD

Have the link to the VOD?

Description

Time

  • Played on: Jan. 2, 2016, 11:42 p.m.
  • Length: 5:04
Show
View Real Time Build Order
Export as new Build Order

maynard Protoss - Winner!

Build Orders: Oracle Opening 

Get SALT Encoding   

  12  0:01  Probe (Chrono Boost)  
  13  0:11  Probe (Chrono Boost)  
  14  0:18  Pylon  
  14  0:22  Probe (Chrono Boost)  
  15  0:37  Probe (Chrono Boost), Gateway  
  16  0:43  Assimilator  
  16  0:47  Probe (Chrono Boost)  
  17  0:51  Assimilator  
  17  0:58  Probe (Chrono Boost)  
  18  1:07  Gateway  
  18  1:09  Probe (Chrono Boost)  
  19  1:20  Probe (Chrono Boost)  
  20  1:26  Cybernetics Core  
  20  1:30  Probe (Chrono Boost)  
  21  1:39  Pylon  
  21  1:42  Probe (Chrono Boost)  
  22  1:53  Probe (Chrono Boost)  
  23  2:06  Stalker (Chrono Boost)  
  23  2:07  Warp Gate (Chrono Boost)  
  26  2:10  Stalker (Chrono Boost)  
  27  2:18  Stargate  
  27  2:35  Stalker  
  29  2:39  Stalker  
  29  2:43  Pylon  
  31  2:49  Pylon  
  31  3:01  Gateway  
  31  3:08  Oracle (Chrono Boost)  
  34  3:19  Pylon  
  33  3:40  Oracle (Chrono Boost)  
  36  4:07  Stalker x2  
  40  4:11  Stalker  
  40  4:12  Pylon  
  36  4:37  Adept x3  
  44  5:02  Stalker x3  
Show
View Real Time Build Order
Export as new Build Order

MCanning Protoss 

Build Orders: Nexus First 

Get SALT Encoding   

  12  0:01  Probe (Chrono Boost)  
  13  0:12  Probe (Chrono Boost)  
  14  0:20  Pylon  
  14  0:22  Probe (Chrono Boost)  
  15  0:38  Probe (Chrono Boost)  
  16  0:49  Probe (Chrono Boost)  
  17  0:58  Nexus  
  17  1:09  Gateway  
  17  1:12  Probe (Chrono Boost)  
  18  1:23  Probe (Chrono Boost)  
  18  1:24  Assimilator  
  19  1:28  Assimilator  
  19  1:34  Probe (Chrono Boost)  
  20  1:44  Probe (Chrono Boost)  
  20  1:46  Gateway  
  21  1:56  Cybernetics Core  
  21  1:58  Probe (Chrono Boost)  
  22  2:09  Probe (Chrono Boost)  
  22  2:11  Pylon  
  23  2:19  Probe (Chrono Boost)  
  24  2:33  Stalker x2 (Chrono Boost)  
  24  2:36  Warp Gate (Chrono Boost)  
  28  2:43  Mothership Core  
  30  2:54  Gateway  
  30  3:02  Stalker (Chrono Boost)  
  34  3:05  Sentry (Chrono Boost)  
  34  3:15  Probe  
  34  3:25  Pylon x2  
  34  3:30  Stalker (Chrono Boost)  
  36  3:38  Stalker (Chrono Boost)  
  36  3:50  Probe  
  36  3:52  Stalker (Chrono Boost)  
  39  4:08  Robotics Facility  
  27  4:35  Probe  
  27  4:43  Stalker x2  
  31  4:47  Probe (Chrono Boost)  
Tags
 
Add a new tag
Caveats
  • Supply blocks, unpowered buildings, or Contaminate may cause inaccurate times.
  • Supply counts are checked every 10 seconds.